Map: Blackpink LE

Players

LiquidSnute (Snute) - Winner!

  • Race: Zerg Zerg
  • League: Master
  • Spawn Location: 1:00

Bly

  • Race: Zerg Zerg
  • League: Grandmaster
  • Spawn Location: 7:00

Event: HomeStory Cup XVI

VOD

Have the link to the VOD?

Description

Time

  • Played on: Nov. 11, 2017, 7:46 a.m.
  • Length: 4:55

All games in this series

Show
View Real Time Build Order
Export as new Build Order

LiquidSnute Zerg - Winner!

Build Orders: Hatch First, Zergling Baneling 

Get SALT Encoding   

  12  0:00  Drone  
  13  0:12  Overlord  
  13  0:16  Drone  
  14  0:30  Drone x2  
  14  0:34  Drone  
  17  0:51  Hatchery  
  17  0:54  Drone  
  17  0:58  Drone  
  17  1:01  Extractor  
  17  1:13  Spawning Pool  
  17  1:16  Drone  
  17  1:19  Drone  
  18  1:27  Drone  
  19  1:38  Overlord  
  19  1:49  Drone  
  20  1:59  Queen  
  20  2:00  Zergling x2  
  23  2:02  Metabolic Boost  
  23  2:03  Queen  
  23  2:06  Zergling x2  
  26  2:11  Zergling x2  
  26  2:14  Drone  
  28  2:21  Drone  
  29  2:25  Drone  
  30  2:32  Drone  
  30  2:35  Drone  
  32  2:43  Overlord  
  32  2:47  Drone  
  32  2:50  Hatchery  
  32  2:53  Baneling Nest  
  32  2:55  Drone  
  32  2:58  Zergling x2  
  33  3:05  Zergling x2  
  34  3:07  Zergling x6  
  37  3:12  Overlord  
  37  3:14  Zergling x2  
  37  3:18  Zergling x4  
  40  3:24  Zergling x4  
  41  3:28  Zergling x2  
  41  3:33  Zergling x2  
  43  3:38  Baneling x2  
  43  3:39  Baneling  
  43  3:45  Zergling x10  
  47  3:58  Zergling x4  
  47  4:00  Baneling x2  
  45  4:02  Zergling x2  
  45  4:03  Zergling x6  
  45  4:07  Zergling x2  
  48  4:10  Zergling x2  
  48  4:13  Queen  
  50  4:18  Zergling x4  
  50  4:20  Baneling  
  50  4:28  Zergling x6  
  53  4:36  Zergling x4  
  53  4:37  Baneling x2  
Show
View Real Time Build Order
Export as new Build Order

Bly Zerg 

Build Orders: Hatch First 

Get SALT Encoding   

  12  0:01  Drone  
  13  0:13  Overlord  
  13  0:18  Drone  
  14  0:32  Drone x2  
  16  0:37  Drone  
  17  0:52  Hatchery  
  16  0:58  Drone x2  
  18  1:05  Extractor  
  17  1:15  Spawning Pool  
  17  1:17  Drone  
  17  1:21  Drone  
  18  1:28  Drone  
  19  1:42  Overlord  
  19  1:50  Drone  
  20  2:00  Drone  
  21  2:01  Queen  
  21  2:04  Queen  
  21  2:05  Drone  
  26  2:14  Metabolic Boost  
  26  2:16  Drone x2  
  28  2:31  Hatchery  
  28  2:35  Zergling x2  
  28  2:36  Zergling x2  
  29  2:45  Overlord  
  29  2:49  Drone x3  
  32  3:01  Queen  
  32  3:02  Drone x2  
  36  3:17  Zergling x2  
  36  3:18  Zergling x12  
  41  3:20  Drone  
  41  3:25  Queen  
  44  3:31  Overlord  
  44  3:43  Overlord  
  44  3:45  Overlord  
  44  3:48  Overlord  
  44  3:55  Evolution Chamber  
  43  4:00  Zergling x8  
  36  4:10  Zergling x6  
  36  4:11  Zergling x4  
  36  4:26  Zergling x4  
  29  4:36  Zergling x4  
Tags
 
Add a new tag
Caveats
  • Supply blocks, unpowered buildings, or Contaminate may cause inaccurate times.
  • Supply counts are checked every 10 seconds.